 Dungeon Crawl Stone Soup version 0.18.1-2-ga659475 (webtiles) character file.

49 varam the Chiller (level 3, -10/25 HPs)
             Began as a Merfolk Ice Elementalist on May 8, 2016.
             Killed by divine providence
             ... invoked by an orc priest
              (13 damage)
             ... on level 2 of the Dungeon.
             The game lasted 00:12:20 (2747 turns).

varam the Chiller (Merfolk Ice Elementalist)        Turns: 2747, Time: 00:12:20

Health: -10/25     AC:  3    Str:  8    XL:     3   Next: 77%
Magic:  2/7        EV: 13    Int: 15    God:
Gold:   140        SH:  0    Dex: 14    Spells: 3 memorised, 1 level left

rFire  . . .     SeeInvis .     j - +0 whip (drain)
rCold  . . .     Gourm    .     a - +0 robe
rNeg   . . .     Faith    .     (no shield)
rPois  .         Spirit   .     (no helmet)
rElec  .         Dismiss  .     (no cloak)
rCorr  .         Reflect  .     i - +0 pair of gloves
SustAt .         Harm     .     (no boots)
MR     .....                    (no amulet)
Stlth  ++........               (no ring)
                                (no ring)

@: not resistant to hostile enchantments, unstealthy
A: change form in water, swift swim
a: no special abilities


You were on level 2 of the Dungeon.
You were not hungry.

You visited 1 branch of the dungeon, and saw 3 of its levels.

You collected 140 gold pieces.

Inventory:

Hand Weapons
 j - a +0 whip of draining (weapon)
Armour
 a - a +0 robe (worn)
 i - a +0 pair of gloves (worn)
Scrolls
 e - a scroll of fear {unknown}
 f - a scroll of identify {unknown}
 g - a scroll of teleportation {unknown}
 l - a scroll of magic mapping {unknown}
 m - a scroll of noise {unknown}
 p - a scroll of amnesia {unknown}
Potions
 k - a potion of curing {unknown}
 n - a potion of berserk rage {unknown}
Books
 b - a book of Frost

   Spells                             Type                      Level
   a - Freeze                         Ice                          1
   b - Throw Frost                    Conjuration/Ice              2
   c - Ozocubu's Armour               Charms/Ice                   3
   d - Throw Icicle                   Conjuration/Ice              4
   e - Summon Ice Beast               Ice/Summoning                4
Comestibles
 c - 2 bread rations
 d - a beef jerky
 o - a meat ration


   Skills:
 * Level 0.4 Fighting
 * Level 3.1 Dodging
 - Level 2.1 Stealth
 + Level 2.9 Spellcasting
 - Level 0.7 Conjurations
 + Level 4.0 Ice Magic


You had one spell level left.
You knew the following spells:

 Your Spells              Type           Power        Failure   Level  Hunger
a - Freeze                Ice            ##..         4%          1    #......
b - Ozocubu's Armour      Chrm/Ice       #.......     30%         3    ###....
c - Throw Frost           Conj/Ice       #.....       12%         2    ##.....


Dungeon Overview and Level Annotations

Branches:
Dungeon (3/15)

Altars:

Annotations:
D:3 oplop's ghost, amateur VSEn


Message History

Ouch! That really hurt!
* * * LOW HITPOINT WARNING * * *
The adder barely misses you.
The adder is no longer moving slowly.
The adder closely misses you. The adder bites you.
* * * LOW HITPOINT WARNING * * *
Casting: Freeze
Confirm with . or Enter, or press ? or * to list all spells.
Aiming: Freeze
Press: ? - help, Shift-Dir - straight line, f/p - adder
Aim: an adder (heavily wounded)
You freeze the adder.
You kill the adder!
Your Dodging skill increases to level 3!
The orc priest casts a cantrip, but nothing happens.
The orc priest invokes the aid of Beogh against you.
Beogh smites you!
Ouch! That really hurt!
You die...

#.# #.....#.#####........ #.#
#.....#..............
#.######.....#######........
#...w......#.# #........
#######..#####.# #....####
#........# #.# #....#
#.###.##.#####.#######.#######
###.#......)..........##........
#........#.####@......##########
#.#.##.#.#.####.......#
#.#....#.....##.......#
#.######.....##....####
#............##....# ###########
########.....##.o..# #.[........
#.....##....# #.#######..
#...........# #.# #.#
#...........# #.#######.#


You could see an orc priest.

Vanquished Creatures
  An adder (D:2)
  A worm (D:2)
  A giant gecko (D:2)
  2 bats
  3 giant cockroaches
  5 goblins
  5 hobgoblins
  4 jackals (D:2)
  A quokka (D:2)
  A ball python (D:1)
  4 giant newts
  A kobold (D:2)
  6 rats
35 creatures vanquished.

Notes
Turn   | Place    | Note
--------------------------------------------------------------
     0 | D:1      | varam the Merfolk Ice Elementalist began the quest for the Orb.
     0 | D:1      | Reached XP level 1. HP: 13/13 MP: 3/3
   322 | D:1      | Reached XP level 2. HP: 19/19 MP: 3/5
   326 | D:1      | Learned a level 2 spell: Throw Frost
  1628 | D:2      | Reached XP level 3. HP: 24/24 MP: 5/7
  2209 | D:2      | Learned a level 3 spell: Ozocubu's Armour
  2599 | D:2      | Reached skill level 4 in Ice Magic
  2629 | D:3      | Noticed oplop's ghost (amateur VSEn)
  2747 | D:2      | Killed from afar by an orc priest

Skill      XL: |  1  2  3 |
---------------+----------+-----
Ice Magic      | 4 |  4.0
Dodging        | 3 |  3.1
Fighting       | |  0.4
Stealth        | |  2.1
Spellcasting   | |  2.9
Conjurations   | |  0.7

Action                   || total
-------------------------++-------
Melee: Unarmed           ||     1
       Whip              ||    14
 Cast: Freeze            ||    47
       Throw Frost       ||    17
 Stab: Sleeping          ||     2
  Eat: Chunk             ||     2
       Meat ration       ||     1
Armor: Robe              ||     5
Dodge: Dodged            ||    30
